 Dungeon Crawl Stone Soup version 0.27-a0-1219-g958d993ae5 (webtiles) character file.

Game seed: 15057565684020995145

4854 jasper the Spear-Bearer (level 10, -14/118 HPs)
             Began as a Demonspawn Warper on June 6, 2021.
             Was a Believer of Ashenzari.
             Demolished by a skeletal warrior
             ... wielding a +2 flail of protection
              (18 damage)
             ... on level 7 of the Dungeon.
             The game lasted 00:13:38 (9620 turns).

jasper the Spear-Bearer (Demonspawn Warper)         Turns: 9620, Time: 00:13:38

Health: -14/118    AC:  5    Str: 13    XL:     10   Next: 25%
Magic:  13/13      EV: 14    Int: 17    God:    Ashenzari [**....]
Gold:   233        SH:  0    Dex: 12    Spells: 3/13 levels left

rFire    . . .     SeeInvis +   j - +0 halberd
rCold    . . .     Faith    .   (shield currently unavailable)
rNeg     . . .     Spirit   .   b - +0 leather armour "Clairvoyant Failure" {Melee, Fort} (curse)
rPois    +         Reflect  .   (helmet restricted)
rElec    .         Harm     .   p - +0 cloak of Ashenzari's Fetters {Alch, Cun} (curse)
rCorr    .         Rampage  .   s - +0 pair of gloves "Vexation of Ashenzari" {Bglg, Range} (curse)
Will     .....                  (no boots)
Stlth    ..........             (no amulet)
HPRegen  0.29/turn              x - ring "Chained Adversity" {rPois, Evo, Elem} (curse)
MPRegen  0.13/turn              (no ring)

@: mighty, berserking (expiring), very quick
A: claws 2, hooves 1, horns 1, foul stench 2, powered by pain 1
a: Renounce Religion, Shatter the Chains


You were on level 7 of the Dungeon.
You worshipped Ashenzari.
Ashenzari was pleased with you.
You visited 1 branch of the dungeon, and saw 7 of its levels.

You collected 233 gold pieces.

Inventory:

Hand Weapons
 j - a +0 halberd (weapon)
Missiles
 e - 4 boomerangs of dispersal
 f - 81 stones
 t - a curare-tipped dart
 u - 4 boomerangs (quivered)
 w - a throwing net
Armour
 b - the cursed +0 leather armour "Clairvoyant Failure" (worn) {Melee, Fort}

   It has a curse which improves the following skills: Melee Combat: Short
   Blades, Long Blades, Axes, Maces & Flails, Polearms, Staves and Unarmed
   Combat.
   Fortitude: Armour and Shields.
 m - a +0 ring mail
 p - the cursed +0 cloak of Ashenzari's Fetters (worn) {Alch, Cun}
   (You took it off Crazy Yiuf on level 4 of the Dungeon)

   It has a curse which improves the following skills: Alchemy: Poison Magic and
   Transmutations.
   Cunning:   Dodging and Stealth.
 s - the cursed +0 pair of gloves "Vexation of Ashenzari" (worn) {Bglg, Range}
   (You found it on level 5 of the Dungeon)

   It has a curse which improves the following skills: Beguiling: Conjurations,
   Hexes and Translocations.
   Ranged Combat: Slings, Bows, Crossbows and Throwing.
Jewellery
 g - a ring of fire
 q - a ring of fire
 x - the cursed ring "Chained Adversity" (left hand) {rPois, Evo, Elem}
   (You found it on level 6 of the Dungeon)

   [ring of poison resistance]

   It protects you from poison.
   It has a curse which improves the following skills: Evocations: Evocations.
   Elements:  Fire Magic, Ice Magic, Air Magic and Earth Magic.
Scrolls
 c - 2 scrolls of enchant weapon
 d - a scroll of blinking
 k - 2 scrolls of magic mapping
 l - 2 scrolls of teleportation
 n - 2 scrolls of amnesia
 r - a scroll of enchant armour
Potions
 a - a potion of haste
 h - 3 potions of curing
 i - a potion of mutation
 o - a potion of ambrosia
 v - a potion of flight


   Skills:
 + Level 7.3 Fighting
 - Level 9.5(10.9) Polearms
 - Level 0.8(1.6) Throwing
 - Level 0.8(1.6) Armour
 + Level 6.6(8.1) Dodging
 - Level 2.0 Spellcasting
 + Level 7.0(8.5) Translocations


You had 3 spell levels left.
You knew the following spells:

 Your Spells              Type           Power      Damage    Failure   Level
a - Blink                 Tloc           N/A        N/A       1%          2
b - Lesser Beckoning      Tloc           15%        N/A       2%          3
c - Manifold Assault      Tloc           30%        N/A       21%         5

Your spell library contained the following spells:

 Spells                   Type           Power      Damage    Failure   Level
 Gell's Gravitas          Tloc           15%        N/A       2%          3
 Teleport Other           Tloc           30%        N/A       2%          3
 Corona                   Hex            2%         N/A       22%         1
 Ensorcelled Hibernation  Hex/Ice        4%         N/A       34%         2
 Confusing Touch          Hex            2%         N/A       56%         3
 Dazzling Flash           Conj/Hex       4%         N/A       56%         3
 Tukima's Dance           Hex            2%         N/A       56%         3


Dungeon Overview and Level Annotations

Branches:
Dungeon (7/15)             Temple (0/1) D:4

Altars:
Ashenzari
Cheibriados
Okawaru
Ru
Trog
Vehumet
Yredelemnul

Shops:
D:6 (

Annotations:
D:4 exclusion: statue
D:5 Dowan, Duvessa


Innate Abilities, Weirdness & Mutations

You have very sharp fingernails.
You have large cloven feet.
You have a pair of small horns on your head.
You sometimes emit foul miasma when damaged in melee.
You sometimes gain a little power by taking damage.


Message History

You emit a cloud of foul miasma!
You take 10 damage, and have 43/118 hp.
You hit the skeletal warrior but do no damage.
Your kick misses the skeletal warrior.
The skeletal warrior is moderately damaged.
You feel yourself speed up.
The skeletal warrior hits you with a +2 flail of protection!
* * * LOW HITPOINT WARNING * * *
You focus on the pain.
You feel mightier all of a sudden.
You take 10 damage, and have 33/118 hp.
You closely miss the skeletal warrior.
You kick the skeletal warrior, but do no damage.
The skeletal warrior is moderately damaged.
The skeletal warrior hits you with a +2 flail of protection.
* * * LOW HITPOINT WARNING * * *
You take 5 damage, and have 28/118 hp.
You hit the skeletal warrior.
You headbutt the skeletal warrior, but do no damage.
The skeletal warrior is moderately damaged.
You puncture the skeletal warrior!
You headbutt the skeletal warrior, but do no damage.
The skeletal warrior is severely damaged.
The skeletal warrior hits you with a +2 flail of protection!
* * * LOW HITPOINT WARNING * * *
You take 8 damage, and have 20/118 hp.
You hit the skeletal warrior but do no damage.
You kick the skeletal warrior, but do no damage.
Your headbutt misses the skeletal warrior.
The skeletal warrior is severely damaged.
You puncture the skeletal warrior! You kick the skeletal warrior.
The skeletal warrior is severely damaged.
The skeletal warrior hits you with a +2 flail of protection!
* * * LOW HITPOINT WARNING * * *
You take 16 damage, and have 4/118 hp.
You hit the skeletal warrior.
You headbutt the skeletal warrior, but do no damage.
The skeletal warrior is almost destroyed.
The skeletal warrior hits you with a +2 flail of protection!!
You die...

, , * ####### *,
#.....########## *,
#.....(........#
#..#######@###..# ,
#..#..#..##z.#, **
#?#####..#.#..#.{#.#,,
*
#........##..#W##.##,,
#######..##.#.#.#.## *
#######..#.#.#)###.#∆
#........##.#.#.#.##,
,>
#.####....#.#####.##,,,
?.# #..)#.#..#..#.# , *


You could see a skeletal warrior.

Vanquished Creatures
  A two-headed ogre (D:7)
  Grinder (D:3)
  A troll (D:6)
  A hornet (D:7)
  Sigmund (D:6)
  3 wraiths (D:7)
  Edmund (D:5)
  Menkaure (D:4)
  2 water moccasins (D:7)
  An orc warrior (D:6)
  3 black bears
  3 ice beasts
  A sky beast (D:5)
  A hornet zombie (D:6)
  An ogre (D:7)
  A phantom (D:7)
  A kobold brigand (D:5)
  A bullfrog (D:6)
  A wyvern zombie (D:6)
  2 scorpions (D:6)
  7 wights (D:6)
  3 killer bees (D:7)
  A howler monkey (D:7)
  A centaur zombie (D:5)
  4 hounds
  An iron imp (D:7)
  2 centaur skeletons (D:7)
  2 jellies
  A bullfrog skeleton (D:6)
  Crazy Yiuf (D:4)
  2 iguanas
  A gnoll shaman (D:6)
  An orc wizard (D:6)
  A killer bee zombie (D:7)
  16 gnolls
  10 adders
  A river rat (D:6)
  A shadow imp (D:3)
  A white imp (D:5)
  A worm (D:3)
  3 dart slugs
  14 orcs
  4 ball pythons (D:1)
  3 bats
  5 endoplasms
  5 giant cockroaches
  9 goblins
  9 hobgoblins
  10 jackals
  5 quokkas
  3 frilled lizards
  6 kobolds
  7 rats
169 creatures vanquished.

Notes
Turn   | Place    | Note
-------+----------+-------------------------------------------
     0 | D:1      | jasper the Demonspawn Warper began the quest for the Orb.
     0 | D:1      | Reached XP level 1. HP: 16/16 MP: 3/3
   106 | D:1      | Reached skill level 2 in Polearms
   139 | D:1      | Found a faded altar of an unknown god.
   164 | D:1      | Became a worshipper of Ashenzari the Shackled
   171 | D:1      | Gained mutation: You sometimes gain a little power by
                  | taking damage. [demonic ancestry]
   171 | D:1      | Reached XP level 2. HP: 23/23 MP: 5/5
   341 | D:1      | Reached skill level 3 in Polearms
   483 | D:1      | Learned a level 2 spell: Blink
   720 | D:1      | Reached skill level 8 in Polearms
   720 | D:1      | Gained mutation: You have large cloven feet. [demonic
                  | ancestry]
   720 | D:1      | Reached XP level 3. HP: 28/28 MP: 6/6
  1504 | D:2      | Gained mutation: You have sharp fingernails. [demonic
                  | ancestry]
  1504 | D:2      | Reached XP level 4. HP: 34/34 MP: 7/7
  1511 | D:2      | Reached skill level 9 in Polearms
  1545 | D:2      | Reached * piety under Ashenzari
  2350 | D:3      | Reached XP level 5. HP: 36/40 MP: 9/9
  3140 | D:3      | Noticed an ice beast
  3157 | D:3      | Killed an ice beast
  3158 | D:3      | Gained mutation: You have a pair of small horns on your
                  | head. [demonic ancestry]
  3158 | D:3      | Reached XP level 6. HP: 35/46 MP: 10/10
  3302 | D:3      | Noticed Grinder
  3349 | D:3      | Killed Grinder
  3350 | D:3      | Reached XP level 7. HP: 52/52 MP: 11/11
  3354 | D:3      | Learned a level 3 spell: Lesser Beckoning
  3357 | D:3      | Identified the cursed +0 leather armour "Clairvoyant
                  | Failure" {Melee, Fort}
  3360 | D:3      | Learned a level 5 spell: Manifold Assault
  3723 | D:4      | Found a bloodstained altar of Trog.
  4021 | D:4      | Noticed Menkaure
  4042 | D:4      | Killed Menkaure
  4108 | D:4      | Found a basalt altar of Yredelemnul.
  4120 | D:4      | Identified the +6 hand axe "Beastslayer" {drain, Int+4}
  4174 | D:4      | Found a radiant altar of Vehumet.
  4370 | D:4      | Found a staircase to the Ecumenical Temple.
  4387 | D:4      | Found a sacrificial altar of Ru.
  4464 | D:4      | Found a runed translucent door.
  4465 | D:4      | Noticed Crazy Yiuf
  4476 | D:4      | Killed Crazy Yiuf
  4484 | D:4      | Reached ** piety under Ashenzari
  4522 | D:4      | Found an iron altar of Okawaru.
  4950 | D:5      | Entered Level 5 of the Dungeon
  5018 | D:5      | Gained mutation: You may rarely emit foul miasma when
                  | damaged in melee. [demonic ancestry]
  5018 | D:5      | Reached XP level 8. HP: 62/62 MP: 12/12
  5306 | D:5      | Noticed Edmund
  5320 | D:5      | Killed Edmund
  5410 | D:5      | Noticed Dowan
  5413 | D:5      | Noticed Duvessa
  5464 | D:6      | Identified the cursed +0 spear of the Elysian Chagrin
                  | {Self, Melee}
  5464 | D:6      | Identified the cursed +0 cloak of Ashenzari's Fetters
                  | {Alch, Cun} (You took it off Crazy Yiuf on level 4 of the
                  | Dungeon)
  5599 | D:6      | Noticed Sigmund
  5612 | D:6      | Killed Sigmund
  5708 | D:6      | Reached skill level 5 in Fighting
  5708 | D:6      | Reached skill level 5 in Translocations
  6026 | D:6      | Identified the +9 dagger of the Boiling Point {flame, rN+
                  | Stlth+}
  6099 | D:6      | Gained mutation: You have very sharp fingernails. [demonic
                  | ancestry]
  6099 | D:6      | Reached XP level 9. HP: 21/71 MP: 13/13
  6497 | D:6      | Reached skill level 5 in Dodging
  7291 | D:6      | Found Veamotev's Weapon Shop.
  7328 | D:6      | Noticed a troll
  7338 | D:6      | Killed a troll
  8738 | D:7      | Found a snail-covered altar of Cheibriados.
  8969 | D:7      | Noticed a two-headed ogre
  8978 | D:7      | Killed a two-headed ogre
  8979 | D:7      | Gained mutation: You sometimes emit foul miasma when
                  | damaged in melee. [demonic ancestry]
  8979 | D:7      | Reached XP level 10. HP: 76/79 MP: 13/13
  9602 | D:7      | Noticed a skeletal warrior
  9603 | D:7      | Found the +5 scythe "Finisher" {speed, eviscerate}
  9619 | D:7      | HP: 4/118 [skeletal warrior/+2 flail of protection (17)]
  9620 | D:7      | Demolished by a skeletal warrior

Illustrated notes

Levels and vault maps discovered:
D:1:      roderic_crop_circles_arrival_small, layout_loops_corners,
          ebering_ecumenical_altar_sacrificial
D:2:      layout_basic
D:3:      layout_loops_ring, uniq_grinder
D:4:      layout_loops_ring, vehumet_statue, nicolae_ru_the_path_less_chosen,
          okawaru_gym_becter, trog_ov_bears_minmay, kennysheep_mini_moat,
          minmay_temple_entry_hall, uniq_menkaure, uniq_crazy_yiuf_cottage
D:5:      layout_basic, kennysheep_mini, kennysheep_nub, uniq_edmund,
          uniq_duvessa
D:6:      layout_loops_ring, gup_sewer_entry_bubbles, serial_shops,
          nicolae_shop_crystal, uniq_sigmund
D:7:      layout_basic, chei_slow_surprise, kennysheep_orc_sif_temple,
          small_statue_intersection, minmay_guarded_unrand_finisher

Skill      XL: |  1  2  3  4  5  6  7  8  9 10 |
---------------+-------------------------------+-----
Polearms       | 2 8 9 |  9.5
Dodging        | 2 3 4 6 |  6.6
Translocations | 3 4 5 6 7 |  7.0
Fighting       | 4 5 7 |  7.3
Throwing       | |  0.8
Armour         | |  0.8
Spellcasting   | |  2.0

Action                   |  1- 3 |  4- 6 |  7- 9 | 10-12 || total
-------------------------+-------+-------+-------+-------++-------
Melee: Spear             |    77 |   217 |   411 |       ||   705
       Kick              |     5 |    30 |   127 |    11 ||   173
       Headbutt          |       |     2 |   102 |     5 ||   109
       Halberd           |       |       |   171 |    52 ||   223
Throw: Stone             |       |    17 |    17 |       ||    34
       Boomerang         |       |       |     6 |    17 ||    23
       Dart              |       |       |     5 |       ||     5
       Throwing net      |       |       |     3 |       ||     3
Invok: Curse Item        |     1 |     1 |     3 |       ||     5
       Shatter the Chain |       |       |     1 |       ||     1
Evoke: Wand              |       |       |     8 |       ||     8
  Use: Potion            |     1 |     1 |     1 |     1 ||     4
 Stab: Sleeping          |     2 |       |     1 |       ||     3
       Distracted        |       |     2 |       |       ||     2
       Paralysed         |       |       |    16 |       ||    16
Armor: Leather armour    |    10 |    18 |    51 |     5 ||    84
       Skin              |       |    12 |       |       ||    12
Dodge: Dodged            |    24 |    52 |   223 |    28 ||   327

Table legend: (Time is in decaauts)
 A = Elapsed time spent in this place.
 B = Non-inter-level travel time spent in this place.
 C = Inter-level travel time spent in this place.
 D = Time resting spent in this place.
 E = Time spent auto-exploring this place.
 F = Levels seen in this place.
 G = Mean time per level.
                   A        B        C        D        E       F      G
               +--------+--------+--------+--------+--------+-----+--------+
         Total |   9356 |   9055 |    301 |    775 |   6884 |   7 | 1336.6 |
       Dungeon |   9356 |   9055 |    301 |    775 |   6884 |   7 | 1336.6 |
               +--------+--------+--------+--------+--------+-----+--------+

Top non-repeatable levels by time:
     D:6: 2427 daAuts
     D:7: 1673 daAuts
     D:1: 1396 daAuts
     D:3: 1391 daAuts
     D:4: 1159 daAuts
     D:2: 856 daAuts
     D:5: 451 daAuts
